 Dungeon Crawl Stone Soup version 0.30.1-9-gdf580d7c3d (webtiles) character file.

Game seed: 5379777862867019834

37 leafyfresh the Digger (level 3, -5/21 HPs)
             Began as an Octopode Earth Elementalist on Oct 12, 2023.
             Slain by a goblin
             ... wielding a +0 club
             ... led by Robin
              (7 damage)
             ... on level 2 of the Dungeon.
             The game lasted 00:01:31 (1035 turns).

leafyfresh the Digger (Octopode Earth Elementalist) Turns: 1035, Time: 00:01:32

Health: -5/21      AC:  1    Str:  7    XL:     3   Next: 41%
Magic:  1/6        EV: 13    Int: 19    God:
Gold:   22         SH:  0    Dex: 12    Spells: 5/6 levels left

rFire   . . .        c - +0 short sword
rCold   . . .        (no shield)
rNeg    . . .        (helmet restricted)
rPois   .            (no amulet)
rElec   .            (no ring)
rCorr   .            (no ring)
SInv    .            (no ring)
Will    .....        (no ring)
Stlth   +++          (no ring)
HPRegen 0.23/turn    (no ring)
MPRegen 0.10/turn    (no ring)
                     (no ring)

%: no passive effects
@: no status effects
A: almost no armour, amphibious, 8 rings, camouflage 1, gelatinous body 1,
(nimble swimmer 1), tentacles
a: no special abilities


You were on level 2 of the Dungeon.
You visited 1 branch of the dungeon, and saw 2 of its levels.

You collected 22 gold pieces.

Inventory:

Hand Weapons
 c - a +0 short sword (weapon)
Missiles
 h - 2 throwing nets
Scrolls
 b - 2 scrolls of identify {unknown}
 i - a scroll of fear {unknown}
Potions
 a - 2 potions of magic
 d - a potion of lignification {unknown}
 e - a potion of ambrosia {unknown}
 f - 2 potions of invisibility {unknown}
 g - a potion of heal wounds {unknown}


   Skills:
 + Level 2.4 Dodging
 + Level 3.3 Stealth
 + Level 2.3 Spellcasting
 + Level 1.5 Transmutations
 + Level 3.3 Earth Magic


You had 5 spell levels left.
You knew the following spells:

 Your Spells              Type           Power      Damage    Failure   Level
a - Sandblast             Erth           28%        2d8       4%          1

Your spell library contained the following spells:

 Spells                   Type           Power      Damage    Failure   Level
 Passwall                 Tmut/Erth      9%         N/A       9%          2
 Stone Arrow              Conj/Erth      16%        3d8       26%         3
 Dazzling Flash           Conj/Hex       4%         N/A       43%         3
 Petrify                  Tmut/Erth      11%        N/A       52%         4
 Agony                    Necr           2%         N/A       99%         5
 Silence                  Hex/Air        1%         N/A       99%         5


Dungeon Overview and Level Annotations

Branches:
Dungeon (2/15)

Altars:


Innate Abilities, Weirdness & Mutations

You cannot wear most types of armour.
You are amphibious.
You can wear up to eight rings at the same time.
Your skin changes colour to match your surroundings (Stealth+).
Your rubbery body absorbs attacks. (AC +1, EV +1)
((You are camouflaged when in or above water. (Stealth+)))
You have tentacles for arms and can constrict up to eight enemies at once.


Message History

You kill the goblin!
Robin throws the goblin at you!
Casting: Sandblast (safe; 4% risk of failure)
Confirm with . or Enter, or press ? or * to list all spells.
You don't know that spell.
Sorry, you're not good enough to have a special ability.
Unknown command.
Casting: Sandblast (safe; 4% risk of failure)
Confirm with . or Enter, or press ? or * to list all spells.
You don't have enough magic to cast this spell.
Unknown command.
Casting: Sandblast (safe; 4% risk of failure)
Confirm with . or Enter, or press ? or * to list all spells.
You don't have enough magic to cast this spell.
Unknown command.
You closely miss the goblin. Your grab misses the goblin.
The goblin hits you but does no damage.
A goblin comes into view. It is wielding a +0 club.
Robin roars a battlecry!
The goblins go into a battle-frenzy!
You closely miss the goblin. Your grab misses the goblin.
The goblin hits you with a +0 club!
* * * LOW HITPOINT WARNING * * *
Unknown command.
You closely miss the goblin. Your grab misses the goblin.
You squeeze the goblin.
You kill the goblin!
Robin barely misses you.
Unknown command.
There are monsters nearby!
You hit Robin but do no damage. You grab Robin. You squeeze Robin!
Robin is heavily wounded.
You constrict Robin. Robin throws the goblin at you!
You hit Robin. You squeeze Robin.
You kill Robin!
The goblin hits you with a +0 club.
* * * LOW HITPOINT WARNING * * *
You closely miss the goblin. Your grab misses the goblin.
The goblin closely misses you. The goblin hits you with a +0 club!
You die...

#.# #.#####.# #. #.# #.#
#.# #. ##.#####.### #.#
#. # ..........# #.# #.
#..###.#####.#.###.# #.
.......#####..†....# #.
#.......#.##### #.
#g#####.#.# #. #@#
##.#.## #. #g####.....#
#.
..g....g##.......######.
.....................†..
g.............#########.
.g....####.#.## #.
.....# #.## #. #...# # #
#. ##+# #.


You could see 3 goblins.

Vanquished Creatures
  Robin (D:2)
  A dart slug (D:1)
  4 ball pythons
  An endoplasm (D:2)
  8 goblins
  4 hobgoblins
  2 quokkas (D:1)
  2 frilled lizards
23 creatures vanquished.

Notes
Turn   | Place    | Note
-------+----------+-------------------------------------------
     0 | D:1      | leafyfresh the Octopode Earth Elementalist began the quest
                  | for the Orb.
     0 | D:1      | Reached XP level 1. HP: 11/11 MP: 3/3
   323 | D:1      | Reached XP level 2. HP: 17/17 MP: 3/5
  1010 | D:2      | Noticed Robin
  1027 | D:2      | Reached XP level 3. HP: 12/21 MP: 3/6
  1034 | D:2      | Killed Robin
  1034 | D:2      | HP: 1/21 [goblin/+0 club[Robin] (4)]
  1035 | D:2      | Slain by a goblin

Illustrated notes

Levels and vault maps discovered:
D:1:      wander_arrival_desolate, layout_basic
D:2:      layout_loops_corners, corexii_item_surrounded_by_moat,
          minmay_pentomino_pile, uniq_terence, uniq_robin

Skill      XL: |  1  2 |
---------------+-------+-----
Stealth        | 3 |  3.3
Dodging        | |  2.4
Spellcasting   | |  2.3
Transmutations | |  1.5
Earth Magic    | |  3.3

Action                     || total
---------------------------++-------
  Melee: Short sword       ||    24
         Constrict         ||     5
         Tentacles         ||     5
         Punch             ||     1
   Cast: Sandblast         ||    17
   Stab: Sleeping          ||     1
 Armour: Skin              ||     3
  Dodge: Dodged            ||    21
